 Dungeon Crawl Stone Soup version 0.23-a0-167-gf92cf62f8f (webtiles) character file.

94 PikkenKukken the Shield-Bearer (level 4, -1/24 HPs)
             Began as a Vine Stalker Fighter on Sept 11, 2018.
             Slain by Sigmund
             ... wielding a +0 scythe
              (3 damage)
             ... on level 2 of the Dungeon.
             The game lasted 00:01:33 (772 turns).

PikkenKukken the Shield-Bearer (VSFi)                Turns: 772, Time: 00:01:33

Health: -1/24      AC:  6    Str: 24    XL:     4   Next: 63%
Magic:  0/5        EV:  8    Int:  8    God:
Gold:   45         SH: 10    Dex: 14    Spells: 3/3 levels left

rFire    . . .     SeeInvis .   a - +0 rapier
rCold    . . .     Gourm    .   c - +0 shield
rNeg     . . .     Faith    .   b - +0 scale mail
rPois    .         Spirit   +   (no helmet)
rElec    .         Reflect  .   (no cloak)
rCorr    .         Harm     .   (no gloves)
MR       .....                  (no boots)
Stlth    +.........             (no amulet)
HPRegen  0.48/turn              l - ring of stealth
MPRegen  0.09/turn              (no ring)

@: mighty
A: fangs 2, regeneration 1, magic shield, antimagic bite, no potion heal 3, rot
immunity
a: no special abilities


You were on level 2 of the Dungeon.
You were not hungry.

You visited 1 branch of the dungeon, and saw 2 of its levels.

You collected 45 gold pieces.

Inventory:

Hand Weapons
 a - a +0 rapier (weapon)
Armour
 b - a +0 scale mail (worn)
 c - a +0 shield (worn)
Jewellery
 l - a ring of stealth (left hand)
Scrolls
 g - a scroll of teleportation
Potions
 e - 2 potions of invisibility
 i - a potion of agility {unknown}
 j - a potion of haste {unknown}
 k - 2 potions of berserk rage
 m - 2 potions of heal wounds {unknown}
Comestibles
 f - 2 rations
 h - a chunk of flesh


   Skills:
 + Level 3.1 Fighting
 * Level 2.9 Short Blades
 + Level 2.8 Armour
 + Level 1.0 Dodging
 + Level 3.1 Shields


You had 3 spell levels left.
You didn't know any spells.
Your spell library was empty.

Dungeon Overview and Level Annotations

Branches:
Dungeon (2/15)

Altars:

Annotations:
D:2 Sigmund


Innate Abilities, Weirdness & Mutations

You have extremely sharp teeth.
Your natural rate of healing is unusually fast.
When hurt, damage is shared between your health and your magic reserves.
Your bite disrupts and absorbs the magic of your enemies.
Potions cannot restore your health.
You are immune to rotting.


Message History

Unknown command.
You hit Robin. Your bite misses Robin.
Robin is severely wounded.
You block something's attack. The goblin hits you but does no damage.
A hobgoblin comes into view. It is wielding a club.
The goblin hits you but does no damage. You block Robin's attack.
The goblin hits you but does no damage.
Unknown command.
You puncture Robin!
You kill Robin!
The goblin barely misses you. Something hits you!
* * * LOW HITPOINT WARNING * * *
The goblin barely misses you. The rat bites you but does no damage.
Unknown command.
You puncture the rat!
You kill the rat!
The goblin no longer looks unusually strong.
The hobgoblin no longer looks unusually strong.
You block the goblin's attack. Something hits you.
You die...

.. ##.. ..# #...#
#..# ..... #..#
....g. ...# .....{#
##..# ......)###...#
### #@#....# ...
#gg#...#
...##.###..#
.....###..#
..#.......#
......#.##.##
#############.##.#.#
#.........<....##..#
###.#####.....##.###


You could see a hobgoblin and 2 goblins.

Vanquished Creatures
  A hound (D:2)
  Robin (D:2)
  An adder (D:2)
  2 oozes (D:1)
  A dart slug (D:1)
  3 bats (D:1)
  A giant cockroach (D:1)
  8 goblins
  5 hobgoblins
  2 frilled lizards (D:1)
  5 kobolds
  3 rats
33 creatures vanquished.

Notes
Turn   | Place    | Note
-------+----------+-------------------------------------------
     0 | D:1      | PikkenKukken the Vine Stalker Fighter began the quest for
                  | the Orb.
     0 | D:1      | Reached XP level 1. HP: 11/11 MP: 2/2
   146 | D:1      | Reached XP level 2. HP: 15/16 MP: 3/3
   341 | D:1      | Reached XP level 3. HP: 18/19 MP: 4/4
   719 | D:2      | Reached skill level 1 in Dodging
   719 | D:2      | Gained mutation: Your natural rate of healing is unusually
                  | fast. [Vine Stalker growth]
   719 | D:2      | Reached XP level 4. HP: 11/24 MP: 3/5
   755 | D:2      | Noticed Robin
   762 | D:2      | Noticed Sigmund
   771 | D:2      | Killed Robin
   771 | D:2      | HP: 1/24 [something (8)]
   772 | D:2      | Slain by Sigmund

Vault maps used:
D:1:      lemuel_arrival_river_ford, item_on_display_a
D:2:      lemuel_coloured_pillars_altar, lemuel_doored_altar, minitemple,
          uniq_robin, uniq_sigmund

Skill      XL: |  1  2  3 |
---------------+----------+-----
Short Blades   | 2 |  2.9
Fighting       | 3 |  3.1
Dodging        | 1 |  1.0
Shields        | 3 |  3.1
Armour         | |  2.8

Action                   |  1- 3 |  4- 6 || total
-------------------------+-------+-------++-------
Melee: Rapier            |    66 |    20 ||    86
       Bite              |    18 |     2 ||    20
  Use: Scroll            |     3 |       ||     3
       Potion            |       |     1 ||     1
Armor: Scale mail        |    17 |     9 ||    26
Dodge: Dodged            |    15 |     7 ||    22
Block: Shield            |    39 |    13 ||    52

Table legend:
 A = Non-vault XP
 B = Vault XP
 C = Vault XP percentage of total XP
 D = Non-vault monster count
 E = Vault monster count
 F = Vault count percentage of total count
                 A         B        C        D         E       F
            +---------+---------+-------+---------+---------+-------
      Total |     102 |      33 |  24.4 |      23 |      10 |  30.3
            +---------+---------+-------+---------+---------+-------
        D:1 |      42 |       0 |   0.0 |      19 |       0 |   0.0
        D:2 |      60 |      33 |  35.5 |       4 |      10 |  71.4
            +---------+---------+-------+---------+---------+-------
